 Dungeon Crawl Stone Soup version 0.26.0-16-gc1dbca0489 (webtiles) character file.

Game seed: 18298622892376839656

692 shakesphere1979 the Skirmisher (level 7, -1/62 HPs)
             Began as a Hill Orc Gladiator on Jan 18, 2021.
             Was a Follower of Beogh.
             Slain by a sky beast (6 damage)
             ... on level 5 of the Dungeon.
             The game lasted 00:17:49 (4652 turns).

shakesphere1979 the Skirmisher (Hill Orc Gladiator) Turns: 4652, Time: 00:17:50

Health: -1/62      AC:  7    Str: 18    XL:     7   Next: 63%
Magic:  9/9        EV: 13    Int:  8    God:    Beogh [*.....]
Gold:   181        SH:  0    Dex: 13    Spells: 6/6 levels left

rFire    x . .     SeeInvis .   a - +1 war axe
rCold    + . .     Faith    .   (no shield)
rNeg     . . .     Spirit   .   z - +2 leather armour {Will+}
rPois    .         Reflect  .   f - +2 hat
rElec    .         Harm     .   (no cloak)
rCorr    .         Rampage  .   (no gloves)
Will     +....                  (no boots)
Stlth    ++........             t - amulet of magic regeneration
HPRegen  0.20/turn              m - ring of stealth
MPRegen  0.36/turn              r - ring of ice

@: no status effects
A: no striking features
a: Renounce Religion


You were on level 5 of the Dungeon.
You worshipped Beogh.
Beogh was aware of your devotion.
You visited 1 branch of the dungeon, and saw 6 of its levels.

You collected 181 gold pieces.

Inventory:

Hand Weapons
 a - a +1 war axe (weapon)
Missiles
 d - 3 throwing nets (quivered)
 e - 222 stones
 n - 61 arrows
 p - 2 silver boomerangs
 q - 54 sling bullets
 y - 7 boomerangs
Armour
 c - a +0 helmet
 f - a +2 hat (worn)
 z - a +2 leather armour of willpower (worn)
Jewellery
 b - an uncursed ring of protection from cold {unknown}
 m - a ring of stealth (left hand)
 r - a ring of ice (right hand)
 t - an amulet of magic regeneration (around neck)
 A - a cursed -4 ring of protection {unknown}
Wands
 w - a wand of paralysis (5)
 x - a wand of enslavement (13)
 B - a wand of digging (6)
Scrolls
 i - 3 scrolls of remove curse
 j - a scroll of random uselessness {unknown}
 k - 2 scrolls of enchant weapon
 l - 5 scrolls of identify
 v - 2 scrolls of teleportation
 D - a scroll of torment {unknown}
Potions
 g - 7 potions of curing
 h - a potion of flight {unknown}
 o - a potion of heal wounds {unknown}
 s - 2 potions of attraction {unknown}
 u - a potion of lignification {unknown}
 C - 2 potions of haste {unknown}


   Skills:
 + Level 5.9 Fighting
 - Level 4.0 Axes
 - Level 1.7 Throwing
 + Level 5.0 Armour
 - Level 4.0 Dodging
 + Level 3.2 Invocations


You had 6 spell levels left.
You didn't know any spells.
Your spell library was empty.

Dungeon Overview and Level Annotations

Branches:
Dungeon (6/15)
 Temple: D:4-7

Altars:
Dithmenos
Fedhas
Gozag
Kikubaaqudgha
Ru
Sif Muna
Trog
Uskayaw
Zin
The Shining One

Shops:
D:3 *


Message History

The sky beast hits you but does no damage.
You closely miss the sky beast.
The sky beast is heavily wounded.
The sky beast hits you.
* * * LOW HITPOINT WARNING * * *
The sky beast shocks you.
* * * LOW HITPOINT WARNING * * *
You closely miss the sky beast.
The sky beast is heavily wounded.
The sky beast hits you but does no damage.
You barely miss the sky beast.
The sky beast is heavily wounded.
The sky beast hits you.
* * * LOW HITPOINT WARNING * * *
The sky beast shocks you.
* * * LOW HITPOINT WARNING * * *
The sky beast hits you.
* * * LOW HITPOINT WARNING * * *
The sky beast shocks you.
You die...

.....>........#.#
#....##<#.....#.#
#.### #.#.#.#.#.#
........#.#
.........#.#
#.........#.#
............#
.......#...########.#
........#.....@Y.....#
... ##.########### ..
#. ##


You could see a sky beast.

Vanquished Creatures
  Eustachio (D:4)
  A black bear (D:4)
  A centaur (D:6)
  A bullfrog (D:6)
  A quasit (D:5)
  An orc priest (D:4)
  Jessica (D:2)
  Ijyb (D:3)
  An iguana (D:5)
  2 orc wizards (D:4)
  An adder (D:2)
  2 shadow imps
  A white imp (D:5)
  An ooze (D:5)
  5 worms
  2 dart slugs (D:1)
  2 leopard geckos
  13 orcs
  2 giant cockroaches
  5 goblins
  7 hobgoblins
  2 quokkas
  A ball python (D:2)
  3 bats
  4 frilled lizards
  7 kobolds
  7 rats
76 creatures vanquished.

Vanquished Creatures (others)
  A wizard (D:4)
  4 orcs (D:3)
  4 fungi (D:2)
  2 plants (D:2)
11 creatures vanquished.

Grand Total: 87 creatures vanquished

Notes
Turn   | Place    | Note
-------+----------+-------------------------------------------
     0 | D:1      | shakesphere1979 the Hill Orc Gladiator began the quest for
                  | the Orb.
     0 | D:1      | Reached XP level 1. HP: 18/18 MP: 1/1
   298 | D:1      | Reached XP level 2. HP: 25/25 MP: 2/2
   433 | D:1      | Reached skill level 1 in Armour
   921 | D:2      | Reached XP level 3. HP: 31/31 MP: 3/3
  1109 | D:2      | Found an ancient bone altar of Kikubaaqudgha.
  1222 | D:2      | Noticed Jessica
  1238 | D:2      | Killed Jessica
  1239 | D:2      | Reached XP level 4. HP: 21/38 MP: 4/4
  1674 | D:2      | Found a blossoming altar of Fedhas.
  1807 | D:2      | Found a glowing golden altar of the Shining One.
  1954 | D:3      | Found an opulent altar of Gozag.
  1977 | D:3      | Found Zin's Purification Station.
  1981 | D:3      | Found a glowing silver altar of Zin.
  2035 | D:3      | Noticed Ijyb
  2045 | D:3      | Became a worshipper of Beogh the Brigand
  2052 | D:3      | Paralysed by Ijyb for 5 turns
  2060 | D:3      | Killed Ijyb
  2333 | D:3      | Found a shadowy altar of Dithmenos.
  2517 | D:4      | Noticed Eustachio
  2567 | D:4      | Reached XP level 5. HP: 41/46 MP: 5/5
  2672 | D:4      | You fall into a shaft and drop 2 floors!
  2676 | D:6      | Noticed a centaur
  2681 | D:6      | Killed a centaur
  2682 | D:6      | Reached XP level 6. HP: 45/53 MP: 6/6
  2793 | D:6      | Noticed a black bear
  2806 | D:5      | Entered Level 5 of the Dungeon
  2812 | D:5      | Reached skill level 5 in Fighting
  3050 | D:4      | Reached * piety under Beogh
  3569 | D:4      | Killed Eustachio
  3570 | D:4      | Reached XP level 7. HP: 43/61 MP: 6/8
  3674 | D:4      | Found a shimmering blue altar of Sif Muna.
  3674 | D:4      | Found a hide-covered altar of Uskayaw.
  3679 | D:4      | Found a faded altar of an unknown god.
  3681 | D:4      | Found a sacrificial altar of Ru.
  3682 | D:4      | Found a faded altar of an unknown god.
  4208 | D:4      | Found a bloodstained altar of Trog.
  4211 | D:4      | Noticed a wizard
  4217 | D:4      | Killed a wizard
  4521 | D:5      | Reached skill level 5 in Armour
  4652 | D:5      | Slain by a sky beast

Illustrated notes

Levels and vault maps discovered:
D:1:      wander_arrival_peaceful_grave, layout_loops_ring
D:2:      layout_rooms, fedhas_altar_3, nicolae_overflow_crystal_walls,
          old_standard_altar, uniq_jessica
D:3:      layout_rooms, zin_purify, nicolae_dithmenos_through_a_glass_darkly,
          lemuel_doored_altar, minmay_misc_feat_rows,
          minmay_misc_feat_secret_circle, uniq_ijyb
D:4:      black_bear_nest_2, layout_cave_pods,
          chequers_temple_overflow_minitemple, trog_wizard, uniq_eustachio
D:5:      layout_basic, uniq_edmund
D:6:      layout_basic, minmay_diced_spiral

Skill      XL: |  1  2  3  4  5  6  7 |
---------------+----------------------+-----
Armour         | 1 2 3 4 5 |  5.0
Fighting       | 3 4 5 |  5.9
Dodging        | 3 4 |  4.0
Invocations    | 2 3 |  3.2
Axes           | |  4.0
Throwing       | |  1.7

Action                   |  1- 3 |  4- 6 |  7- 9 || total
-------------------------+-------+-------+-------++-------
Melee: War axe           |    90 |   140 |    52 ||   282
Invok: Convert to Beogh  |       |     1 |       ||     1
  Use: Scroll            |       |     3 |     2 ||     5
 Stab: Sleeping          |       |     5 |     2 ||     7
Armor: Leather armour    |    23 |    58 |    13 ||    94
Dodge: Dodged            |    63 |   122 |    29 ||   214
